 Dungeon Crawl Stone Soup version 0.29-a0-520-gc852659d43 (webtiles) character file.

Game seed: 15171507805374515591

291 Pelinal the Archer (level 6, -5/33 HPs)
             Began as a Deep Elf Arcane Marksman on May 31, 2022.
             Slain by Eustachio
             ... wielding a +0 rapier
              (13 damage)
             ... on level 4 of the Dungeon.
             The game lasted 00:09:43 (3522 turns).

Pelinal the Archer (Deep Elf Arcane Marksman)       Turns: 3522, Time: 00:09:44

Health: -5/33      AC:  7    Str:  7    XL:     6   Next: 10%
Magic:  10/10      EV: 14    Int: 18    God:
Gold:   176        SH:  0    Dex: 17    Spells: 7/8 levels left

rFire   . . .      SeeInvis .   b - +2 dagger (venom)
rCold   . . .      Faith    .   (no shield)
rNeg    . . .      Spirit   .   p - +0 ring mail
rPois   .          Reflect  .   (no helmet)
rElec   .          Harm     .   (no cloak)
rCorr   .          Rampage  .   i - +0 pair of gloves
Will    .....                   l - +0 pair of boots
Stlth   +.........              m - amulet of regeneration
HPRegen 0.91/turn               o - +4 ring of evasion
MPRegen 0.12/turn               (no ring)

@: no status effects
A: no striking features
a: no special abilities


You were on level 4 of the Dungeon.
You visited 1 branch of the dungeon, and saw 4 of its levels.

You collected 176 gold pieces.

Inventory:

Hand Weapons
 a - a +0 shortbow
 b - a +2 dagger of venom (weapon)
Armour
 f - a +0 robe
 i - a +0 pair of gloves (worn)
 l - a +0 pair of boots (worn)
 p - a +0 ring mail (worn)
Jewellery
 m - an amulet of regeneration (around neck)
 o - a +4 ring of evasion (left hand)
 v - an amulet of faith
Wands
 s - a wand of paralysis (11)
Scrolls
 c - a scroll of vulnerability
 e - 2 scrolls of identify
 h - 3 scrolls of teleportation
 q - a scroll of enchant armour {unknown}
 r - a scroll of noise {unknown}
 w - 3 scrolls of fog {unknown}
Potions
 d - a potion of curing
 g - a potion of invisibility {unknown}
 j - a potion of brilliance {unknown}
 k - a potion of magic {unknown}
 n - a potion of haste {unknown}
 t - a potion of lignification {unknown}
 u - a potion of berserk rage {unknown}
 x - a potion of might


   Skills:
 - Level 0.7 Fighting
 + Level 8.6 Bows
 - Level 2.4 Dodging
 - Level 1.5 Spellcasting
 - Level 4.0 Hexes


You had 7 spell levels left.
You knew the following spells:

 Your Spells              Type           Power      Damage    Failure   Level
a - Slow                  Hex            60%        N/A       13%         1

Your spell library contained the following spells:

 Spells                   Type           Power      Damage    Failure   Level
 Ensorcelled Hibernation  Hex/Ice        16%        N/A       41%         2
 Inner Flame              Hex/Fire       8%         N/A       65%         3
 Portal Projectile        Hex/Tloc       16%        N/A       65%         3
 Passwall                 Tmut/Erth      0%         N/A       71%         2
 Cause Fear               Hex            7%         N/A       78%         4
 Swiftness                Air            1%         N/A       90%         3


Dungeon Overview and Level Annotations

Branches:
Dungeon (4/15)
 Temple: D:4-7

Altars:
Sif Muna
Yredelemnul

Shops:
D:1 :   D:3 :

Annotations:
D:3 1 runed translucent door, Gelos's ghost, amateur DjVM
D:4 Eustachio


Message History

You barely miss Eustachio.
Eustachio is moderately wounded.
The crimson imp blinks!
The white imp closely misses you.
The river rat twitches its whiskers.
Eustachio drinks a potion.
Eustachio seems to grow stronger.
You hit Eustachio.
Eustachio is poisoned.
Eustachio is moderately wounded.
The white imp barely misses you.
You hit Eustachio.
Eustachio looks as sick as possible!
Eustachio is moderately wounded.
Eustachio gestures wildly while chanting.
The white imp misses you.
The crimson imp blinks!
You barely miss Eustachio.
Eustachio is heavily wounded.
Eustachio hits you with a +0 rapier.
* * * LOW HITPOINT WARNING * * *
The crimson imp shouts, "Bolt, thou currish swag-bellied strumpet!"
The white imp gestures at you.
The puff of frost hits you but does no damage.
You hit Eustachio.
Eustachio is heavily wounded.
The white imp hits you but does no damage.
Unknown command.
You hit Eustachio.
Eustachio looks as sick as possible!
Eustachio is heavily wounded.
Eustachio hits you with a +0 rapier.
* * * LOW HITPOINT WARNING * * *
The white imp misses you.
You completely miss Eustachio.
Eustachio is severely wounded.
Eustachio hits you with a +0 rapier.
* * * LOW HITPOINT WARNING * * *
The white imp hits you but does no damage.
Unknown command.
You feel better. The white imp closely misses you.
Unknown command.
You barely miss Eustachio.
Eustachio is severely wounded.
Eustachio hits you with a +0 rapier!
You die...

#....#
#.# #....
#....#
#.# #####
#.>..#
#.#
#....#
#.#
#....##
#.. ##
#....5##
###5..
#...b5r##
##...
######@5#
.?.
##@####.#
#.##...#
#....###
##.###
###


You could see Eustachio (strong, extremely poisoned, slow), an iron imp
(summoned), a crimson imp (summoned), a river rat (summoned), a white imp
(summoned) and a bat (summoned).

Vanquished Creatures
  A necrophage (D:3)
  A hound (D:4)
  7 gnolls (D:3)
  3 adders
  5 dart slugs
  9 orcs
  6 endoplasms
  3 giant cockroaches (D:1)
  7 goblins
  9 hobgoblins
  8 quokkas
  6 ball pythons
  5 bats
  10 kobolds
  5 rats
  A spectral goblin (D:3)
86 creatures vanquished.

Notes
Turn   | Place    | Note
-------+----------+-------------------------------------------
     0 | D:1      | Pelinal the Deep Elf Arcane Marksman began the quest for
                  | the Orb.
     0 | D:1      | Reached XP level 1. HP: 11/11 MP: 5/5
    40 | D:1      | Reached skill level 3 in Bows
   250 | D:1      | Reached XP level 2. HP: 16/16 MP: 4/6
   433 | D:1      | Reached skill level 4 in Bows
   729 | D:1      | Found Irphopp's Book Shoppe.
   762 | D:1      | Reached XP level 3. HP: 20/20 MP: 7/7
  1145 | D:1      | Reached skill level 5 in Bows
  1714 | D:2      | Reached XP level 4. HP: 24/24 MP: 8/8
  1780 | D:2      | Reached skill level 6 in Bows
  2289 | D:3      | Found Woenet's Book Emporium.
  2358 | D:3      | Found a faded altar of an unknown god.
  2708 | D:3      | Reached skill level 7 in Bows
  2708 | D:3      | Reached XP level 5. HP: 28/28 MP: 9/9
  2710 | D:3      | Found a basalt altar of Yredelemnul.
  2734 | D:3      | Found a shimmering blue altar of Sif Muna.
  2820 | D:3      | Found a runed translucent door.
  2820 | D:3      | Noticed Gelos's ghost (amateur DjVM)
  2820 | D:3      | Noticed a phantom
  3188 | D:3      | Reached skill level 8 in Bows
  3371 | D:4      | Reached XP level 6. HP: 33/33 MP: 10/10
  3390 | D:4      | Noticed Eustachio
  3520 | D:4      | HP: 1/33 [Eustachio/+0 rapier (4)]
  3522 | D:4      | Slain by Eustachio

Illustrated notes

Levels and vault maps discovered:
D:1:      ncdulo_smallfort, layout_rooms, serial_shops, shop
D:2:      layout_loops_corners
D:3:      layout_basic, jmf_multi_god_temple, ebering_ghost_inner_flame,
          serial_shops, nicolae_shop_stone,
          dreamdust_ecumenical_altar_drowned_temple, minmay_misc_feat_tower,
          mrwooster_statue_mirror
D:4:      layout_rooms, trog_ov_bears_minmay, kennysheep_big_empty_room,
          uniq_eustachio

Skill      XL: |  1  2  3  4  5 |
---------------+----------------+-----
Bows           | 3 4 5 7 8 |  8.6
Fighting       | |  0.7
Dodging        | |  2.4
Spellcasting   | |  1.5
Hexes          | |  4.0

Action                   |  1- 3 |  4- 6 || total
-------------------------+-------+-------++-------
Melee: Dagger            |    29 |    75 ||   104
       Punch             |       |     2 ||     2
 Fire: Shortbow          |    78 |    86 ||   164
 Cast: Slow              |    15 |    30 ||    45
  Use: Scroll            |       |     2 ||     2
       Potion            |       |     2 ||     2
 Stab: Sleeping          |       |     1 ||     1
Armor: Robe              |    12 |     1 ||    13
       Ring mail         |       |    18 ||    18
Dodge: Dodged            |    35 |    67 ||   102

Table legend: (Time is in decaauts)
 A = Elapsed time spent in this place.
 B = Non-inter-level travel time spent in this place.
 C = Inter-level travel time spent in this place.
 D = Time resting spent in this place.
 E = Time spent auto-exploring this place.
 F = Levels seen in this place.
 G = Mean time per level.
                   A        B        C        D        E       F      G
               +--------+--------+--------+--------+--------+-----+--------+
         Total |   3562 |   3405 |    157 |    769 |   1780 |   4 |  890.5 |
       Dungeon |   3562 |   3405 |    157 |    769 |   1780 |   4 |  890.5 |
               +--------+--------+--------+--------+--------+-----+--------+

Top non-repeatable levels by time:
     D:1: 1317 daAuts
     D:3: 1199 daAuts
     D:2: 929 daAuts
     D:4: 115 daAuts
